 Dungeon Crawl Stone Soup version 0.19.0-11-g3fc08b3 (webtiles) character file.

176 Millan the Covered (level 5, -7/42 HPs)
             Began as a Minotaur Fighter on Nov 8, 2016.
             Was a Follower of Hepliaklqana.
             Mangled by an orc warrior
             ... wielding a +0 trident
              (22 damage)
             ... on level 3 of the Dungeon.
             The game lasted 00:04:18 (2235 turns).

Millan the Covered (Minotaur Fighter)               Turns: 2235, Time: 00:04:18

Health: -7/42      AC: 11    Str: 23    XL:     5   Next: 30%
Magic:  4/4        EV:  6    Int:  5    God:    Hepliaklqana [*.....]
Gold:   171        SH: 10    Dex: 10    Spells: 0 memorised, 4 levels left

rFire  . . .     SeeInvis .     a - +0 war axe
rCold  . . .     Gourm    .     p - +0 chain mail
rNeg   . . .     Faith    .     c - +0 shield
rPois  .         Spirit   .     (helmet restricted)
rElec  .         Reflect  .     (no cloak)
rCorr  .         Harm     +     s - +0 pair of gloves
MR     .....                    (no boots)
Stlth  ..........               t - amulet of harm
                                l - ring of loudness (curse)
                                k - +2 ring of strength

@: no status effects
A: retaliatory headbutt, reduced essence, horns 2
a: Recall Ancestor, Ancestor Identity, Renounce Religion


You were on level 3 of the Dungeon.
You worshipped Hepliaklqana.
Hepliaklqana was aware of your devotion.
You were not hungry.

You visited 1 branch of the dungeon, and saw 3 of its levels.

You collected 171 gold pieces.

Inventory:

Hand Weapons
 a - a +0 war axe (weapon)
Armour
 c - a +0 shield (worn)
 p - a +0 chain mail (worn)
 s - a +0 pair of gloves (worn)
Jewellery
 k - a +2 ring of strength (left hand)
 l - a cursed ring of loudness (right hand)
 n - an uncursed ring of flight
 t - an amulet of harm (around neck)
Scrolls
 e - 2 scrolls of identify {unknown}
 h - 2 scrolls of immolation {unknown}
 j - a scroll of noise {unknown}
 o - a scroll of enchant armour {unknown}
 q - 2 scrolls of blinking {unknown}
 r - a scroll of amnesia {unknown}
 v - a scroll of fog {unknown}
 w - a scroll of remove curse {unknown}
Potions
 b - a potion of flight {unknown}
 d - 2 potions of might
 g - a potion of agility {unknown}
 m - a potion of curing {unknown}
Comestibles
 f - 4 bread rations
 i - a royal jelly
 u - 4 chunks of flesh


   Skills:
 + Level 4.6 Fighting
 + Level 4.1 Axes
 + Level 5.0 Armour
 + Level 4.5 Shields


You had 4 spell levels left.
You didn't know any spells.

Dungeon Overview and Level Annotations

Branches:
Dungeon (3/15)

Altars:
Elyvilon
Hepliaklqana


Innate Abilities, Weirdness & Mutations

You reflexively headbutt those who attack you in melee.
You have a pair of horns on your head.
Your life essence is reduced. (-10% HP)


Message History

You closely miss the orc. You block the orc's attack.
The orc warrior hits you from afar with a trident.
You hit the orc.
The orc is lightly wounded.
You block the orc's attack. You block the orc warrior's attack.
Your shield prevents you from hitting the orc.
The orc is lightly wounded.
You block the orc's attack. You block the orc warrior's attack.
The orc closely misses you. You furiously retaliate!
You headbutt the orc.
You kill the orc!
The orc warrior barely misses you. The goblin hits you but does no damage.
Items here: ) [[ † a club; a leather armour; a ring mail; an orc corpse You slash the orc warrior!
You headbutt the orc warrior.
The orc warrior is almost dead.
You hit the goblin. You block the goblin's attack.
The orc warrior hits you with a trident!!
Ouch! That really hurt!
You die...

#..# #...#.#
###..#####.###.#
.......##.# #.# #
#.#...##.###.# #.
#............#
###.#####..##.#####
##..... #..##.#
.>.....###..##.#
#....o@R......#
#....g###..####
....#.. ...# ##.
##. ##.# ## #.. ...
###. ..


You could see the friendly Lily the ancestor, an orc warrior and a goblin.

Vanquished Creatures
  An orc priest (D:3)
  4 gnolls (D:3)
  3 adders
  A worm (D:2)
  2 dart slugs (D:1)
  2 leopard geckos (D:2)
  8 orcs (D:3)
  4 giant cockroaches
  9 goblins
  5 hobgoblins (D:1)
  5 jackals
  6 kobolds
  2 ball pythons
  5 bats
  5 frilled lizards
  5 rats
67 creatures vanquished.

Notes
Turn   | Place    | Note
-------+----------+-------------------------------------------
     0 | D:1      | Millan the Minotaur Fighter began the quest for the Orb.
     0 | D:1      | Reached XP level 1. HP: 19/19 MP: 0/0
    95 | D:1      | Reached XP level 2. HP: 25/27 MP: 1/1
   139 | D:1      | Reached skill level 4 in Armour
   456 | D:1      | Reached XP level 3. HP: 33/33 MP: 2/2
  1186 | D:2      | Found a white marble altar of Elyvilon.
  1412 | D:2      | Reached XP level 4. HP: 40/40 MP: 3/3
  2111 | D:3      | Reached XP level 5. HP: 47/47 MP: 4/4
  2112 | D:3      | Found a faded altar of an unknown god.
  2117 | D:3      | Reached skill level 5 in Armour
  2146 | D:3      | Became a worshipper of Hepliaklqana the Forgotten
  2146 | D:3      | Reached * piety under Hepliaklqana
  2225 | D:3      | Noticed an orc warrior
  2235 | D:3      | Mangled by an orc warrior

Skill      XL: |  1  2  3  4  5 |
---------------+----------------+-----
Armour         | 4 5 |  5.0
Fighting       | 4 |  4.6
Shields        | 4 |  4.5
Axes           | 3 4 |  4.1

Action                   |  1- 3 |  4- 6 || total
-------------------------+-------+-------++-------
Melee: War axe           |    92 |    67 ||   159
       Headbutt          |     9 |    12 ||    21
Invok: Ancestor Identity |       |     1 ||     1
  Eat: Chunk             |     2 |     2 ||     4
Armor: Scale mail        |    28 |       ||    28
       Chain mail        |    15 |    32 ||    47
Dodge: Dodged            |    30 |    21 ||    51
Block: Shield            |    55 |    45 ||   100
